 Dungeon Crawl Stone Soup version 0.18.1-48-g4cf74bf (webtiles) character file.

0 glosham the Skirmisher (level 1, -19/16 HPs)
             Began as a High Elf Abyssal Knight on Sept 13, 2016.
             Was a Follower of Lugonu.
             Demolished by a small abomination (20 damage)
             ... on level 1 of the Abyss.
             The game lasted 00:01:25 (104 turns).

glosham the Skirmisher (High Elf Abyssal Knight)     Turns: 104, Time: 00:01:26

Health: -19/16     AC:  2    Str: 11    XL:     1   Next: 0%
Magic:  3/3        EV: 12    Int: 15    God:    Lugonu [*.....]
Gold:   0          SH:  0    Dex: 14    Spells: 0 memorised, 0 levels left

rFire  . . .     SeeInvis .     a - +1 falchion
rCold  . . .     Gourm    .     d - +0 robe
rNeg   . . .     Faith    .     (no shield)
rPois  .         Spirit   .     (no helmet)
rElec  .         Dismiss  .     (no cloak)
rCorr  .         Reflect  .     (no gloves)
SustAt .         Harm     .     (no boots)
MR     .....                    (no amulet)
Stlth  +.........               (no ring)
                                (no ring)

@: not resistant to hostile enchantments, very unstealthy
A: no striking features
a: Depart the Abyss, Renounce Religion


You were on level 1 of the Abyss.
You worshipped Lugonu.
Lugonu was aware of your devotion.
You were not hungry.

You visited 0 branches of the dungeon, and saw 0 of its levels.
You visited the Abyss 1 time.

Inventory:

Hand Weapons
 a - a +1 falchion (weapon)
Armour
 b - a +0 leather armour
 d - a +0 robe (worn)
Comestibles
 c - a bread ration


   Skills:
 - Level 3.0 Fighting
 - Level 2.4 Long Blades
 - Level 0.8 Armour
 - Level 2.1 Dodging
 + Level 0.0 Stealth
 - Level 2.0 Invocations


You couldn't memorise any spells.
You didn't know any spells.

Dungeon Overview and Level Annotations

Branches:
Dungeon (0/15)

Altars:


Message History

Welcome, glosham the High Elf Abyssal Knight.
Will you prevail where others failed? Will you find the Orb of Zot?
Lugonu says: Depart the Abyss and spread corruption, my servant! (use the ability menu to exit the Abyss) Press ? for a list of commands and other information.
Found a corrupted altar of Lugonu.
Found a gateway leading out of the Abyss.
Found a sparkling altar of Nemelex Xobeh.
Found a robe.
There is a sparkling altar of Nemelex Xobeh here.
You see here a robe.
d - a robe Wear which item? (? for menu, Esc to quit)
You finish taking off your +0 leather armour.
You finish putting on your +0 robe.
Found a ring mail.
A tentacled starspawn comes into view.
A tentacle flies out from the starspawn's body!
A starspawn tentacle comes into view.
A starspawn tentacle comes into view.
A tentacle flies out from the starspawn's body!
A starspawn tentacle comes into view.
You hit the small abomination.
The small abomination is lightly damaged.
The small abomination hits you!
Ouch! That really hurt!
* * * LOW HITPOINT WARNING * * *
You slash the small abomination!
The small abomination is heavily damaged.
The small abomination hits you!!
Ouch! That really hurt!
You die...

..## . .# ### #. #
#### . #. .
##.#...#. #
#.#...##..#... ##
#.#.#... ..... #.
. .... #.#.# ##.
#...###.#.#.#..###
. ..#.. #.##..##@#
...... x...#.#.x##
#.#. /##...#..##.#
##.. ##...#..#..##
#. .#X─ w#.#.###.#
.. .─.V#..# .##.#
...##.#.##.###..#
. . ..#.. .# ####
. .... ..


You could see a small abomination.

Vanquished Creatures (others)
  4 starspawn tentacles (Abyss:1)
  11 starspawn tentacle segments (Abyss:1)
15 creatures vanquished.

Notes
Turn   | Place    | Note
--------------------------------------------------------------
     0 | Abyss:1  | glosham the High Elf Abyssal Knight began the quest for the Orb.
     0 | Abyss:1  | Reached XP level 1. HP: 16/16 MP: 3/3
    37 | Abyss:1  | Found a sparkling altar of Nemelex Xobeh.
    79 | Abyss:1  | Noticed a small abomination
    88 | Abyss:1  | Noticed a tentacled starspawn
   103 | Abyss:1  | HP: 1/16 [small abomination (15)]
   104 | Abyss:1  | Demolished by a small abomination

Action                   || total
-------------------------++-------
Melee: Falchion          ||     2

Table legend:
 A = Turns spent in this place as a percentage of turns spent in the entire game.
 B = Non-inter-level travel turns spent in this place as a percentage of non-inter-level travel turns spent in the entire game.
 C = Inter-level travel turns spent in this place as a percentage of turns spent in this place.
 D = Turns resting spent in this place as a percentage of non-inter-level travel turns spent in this place.
 E = Turns spent auto-exploring this place as a percentage of non-inter-level travel turns spent in this place.
 F = Non-inter-level travel turns spent in this place divided by the number of levels of this place that you've seen.
                   A       B       C       D       E      F
               +-------+-------+-------+-------+-------+----------------------
         Total | 100.0 | 100.0 |   0.0 |   0.0 |   0.0 |  97.0
         Abyss | 100.0 | 100.0 |   0.0 |   0.0 |   0.0 |  97.0
               +-------+-------+-------+-------+-------+----------------------

Vault maps used:
